 Dungeon Crawl Stone Soup version 0.21-a0-110-g8e1637b (webtiles) character file.

7269 Ijustatesigmund the Grappler (level 10, -2/107 HPs)
             Began as a Troll Monk on July 10, 2017.
             Was an Elder of Cheibriados.
             Hit by a tomahawk of returning thrown by an orc warrior (12 damage)
             ... on level 9 of the Dungeon.
             The game lasted 00:23:29 (8235 turns).

Ijustatesigmund the Grappler (Troll Monk)           Turns: 8235, Time: 00:23:30

Health: -2/107     AC: 10    Str: 30    XL:     10   Next: 89%
Magic:  7/12       EV: 11    Int: 11    God:    Cheibriados [****..]
Gold:   383        SH:  0    Dex: 24    Spells: 9/9 levels left

rFire    . . .     SeeInvis .     - Unarmed
rCold    . . .     Gourm    +   (no shield)
rNeg     . . .     Faith    .   a - +2 robe {Archmagi}
rPois    .         Spirit   .   (helmet restricted)
rElec    .         Reflect  .   (no cloak)
rCorr    .         Harm     .   (gloves unavailable)
MR       .....     Rnd*Rage +   (boots unavailable)
Stlth    +++.......             (no amulet)
HPRegen  0.67/turn              c - ring of flight
MPRegen  0.13/turn              x - ring of stealth

@: lethally poisoned (-2 -> -2), about to teleport, very slow
A: unfitting armour, claws 3, molten scales 1, berserk 1, dopey 2, fast
metabolism 3, gourmand, regeneration 1, shaggy fur 2, tough skin 2
a: Bend Time, Temporal Distortion, Slouch, Renounce Religion, Evoke Flight


You were on level 9 of the Dungeon.
You worshipped Cheibriados.
Cheibriados was greatly pleased with you.
You were very full.

You visited 2 branches of the dungeon, and saw 10 of its levels.

You collected 425 gold pieces.
You spent 42 gold pieces at shops.

Inventory:

Missiles
 d - 3 throwing nets (quivered)
Armour
 a - a +2 robe of the Archmagi (worn)
Jewellery
 c - a ring of flight (left claw)
 x - a ring of stealth (right claw)
Wands
 g - a wand of enslavement (0/24)
 m - a wand of lightning (7/15)
 q - a wand of acid (7/15)
 w - a wand of flame (20/48)
Scrolls
 e - 2 scrolls of remove curse
 f - 7 scrolls of identify
 p - a scroll of blinking
 v - 2 scrolls of recharging
 y - a scroll of enchant armour
 A - a scroll of enchant weapon
 B - a scroll of immolation
Potions
 i - a potion of invisibility
 j - 2 potions of magic
 k - 2 potions of curing
 l - 3 potions of flight
 o - 2 potions of agility
 r - a potion of berserk rage
 s - a potion of heal wounds
 C - a potion of haste {unknown}
Books
 t - a book of Misfortune

   Spells                             Type                      Level
   a - Confusing Touch                Hexes                        1
   b - Confuse                        Hexes                        3
   c - Gell's Gravitas                Translocation                3
   d - Petrify                        Transmutation/Earth          4
   e - Metabolic Englaciation         Hexes/Ice                    5
   f - Yara's Violent Unravelling     Hexes/Transmutation          5
Comestibles
 b - 6 bread rations
 h - 20 fruits
 u - 2 meat rations
 z - 5 royal jellies


   Skills:
 + Level 9.2 Fighting
 - Level 2.4 Dodging
 - Level 1.0 Stealth
 + Level 12.0 Unarmed Combat
 + Level 4.9 Invocations


You had 9 spell levels left.
You didn't know any spells.

Dungeon Overview and Level Annotations

Branches:
Dungeon (9/15)             Temple (1/1) D:7            Lair (0/6) D:8
    Orc (0/2) D:9

Altars:
Ashenzari
Cheibriados
Gozag
Kikubaaqudgha
Makhleb
Nemelex Xobeh
Qazlal
Ru
Sif Muna
Uskayaw
Vehumet
Zin
The Shining One

Shops:
D:6 ?   D:7 ==


Innate Abilities, Weirdness & Mutations

You are too large for most types of armour.
You have claws for hands.
Your metabolism is lightning-fast.
You like to eat raw meat.
Your natural rate of healing is unusually fast.
You are covered in thick fur. (AC +2)
You have very tough skin. (AC +2)
You are partially covered in molten scales. (AC +2)
You tend to lose your temper in combat.
You are very dopey. (Int -4)


Message History

The tomahawk of returning closely misses you.
The weapon returns to the orc warrior!
Things that are here:
a hand axe; an orc corpse You open the door.
The orc warrior completely misses you.
The orc warrior throws a tomahawk of returning.
The tomahawk of returning barely misses you.
The weapon returns to the orc warrior!
Found 30 gold pieces.
Found a staircase to the Orcish Mines.
An orc comes into view. It is wielding a falchion.
You feel sick.
The orc warrior hits you with a battleaxe!!
* * * LOW HITPOINT WARNING * * *
The orc shouts!
There is an open door, spattered with blood here.
As you read the scroll of teleportation, it crumbles to dust.
You feel strangely unstable.
The orc warrior throws a tomahawk of returning.
The tomahawk of returning hits you!
You die...

### #
#######.## .##
#§≈≈.#..(#..)#.
#≈≈$.#o.O..o...
#≈>$.@)(o...)).
#≈≈$.#..o.o....
#≈≈≈.#)..#...#.
#######.## .##
### #


You could see a two-headed ogre, 3 orc warriors and 2 orcs.

Vanquished Creatures
  Pikel (D:5)
  Joseph (D:7)
  Psyche (D:8)
  Prince Ribbit (D:7)
  2 dream sheep (D:9)
  A hippogriff (D:8)
  A wyvern (D:8)
  8 yaks
  Duvessa (D:7)
  2 water moccasins
  4 orc warriors
  3 sky beasts
  2 black bears (D:6)
  2 ogres (D:6)
  2 centaurs (D:7)
  3 big kobolds
  The ghost of nikopol the Firebug, an amateur DEFE (D:4)
  5 bullfrogs
  Dowan (D:7)
  A wyvern skeleton (D:6)
  A scorpion (D:5)
  A water moccasin skeleton (D:6)
  A killer bee (D:8)
  12 wights
  The ghost of Slowdrip the Ruffian, a weakling DrTm (D:3)
  An electric eel (D:9)
  3 crimson imps
  2 quasits
  A bullfrog zombie (D:6)
  3 orc priests
  A centaur skeleton (D:7)
  A hound (D:9)
  A jelly (D:5)
  12 orc wizards
  3 iguanas
  5 worker ants
  3 worker ant zombies
  8 adders
  8 gnolls
  A shadow imp (D:5)
  2 oozes
  An adder zombie (D:6)
  An adder skeleton (D:6)
  3 worms
  3 dart slugs
  3 leopard geckos
  44 orcs
  5 giant cockroaches
  3 goblins (D:1)
  7 hobgoblins
  10 jackals
  8 kobolds
  3 quokkas
  A ball python (D:1)
  7 bats
  4 frilled lizards
  7 rats
224 creatures vanquished.

Vanquished Creatures (collateral kills)
  2 orc priests
  An orc (D:3)
3 creatures vanquished.

Vanquished Creatures (others)
  A slave (D:5)
  A scorpion (D:5)
  An orc priest (D:9)
  A worker ant (D:6)
  3 orcs
7 creatures vanquished.

Grand Total: 234 creatures vanquished

Notes
Turn   | Place    | Note
-------+----------+-------------------------------------------
     0 | D:1      | Ijustatesigmund the Troll Monk began the quest for the Orb.
     0 | D:1      | Reached XP level 1. HP: 22/22 MP: 0/0
   118 | D:1      | Reached XP level 2. HP: 29/29 MP: 1/1
   396 | D:1      | Reached skill level 4 in Unarmed Combat
   683 | D:2      | Reached XP level 3. HP: 36/36 MP: 2/2
  1687 | D:3      | Reached XP level 4. HP: 37/44 MP: 3/3
  1731 | D:3      | Reached skill level 5 in Unarmed Combat
  1796 | D:3      | Found a deep blue altar of Sif Muna.
  1798 | D:3      | Found a glowing silver altar of Zin.
  1802 | D:3      | Found an ancient bone altar of Kikubaaqudgha.
  1802 | D:3      | Noticed Slowdrip's ghost (weakling DrTm)
  1942 | D:3      | Killed Slowdrip's ghost
  2021 | D:3      | Noticed a bullfrog
  2031 | D:3      | Killed a bullfrog
  2031 | D:3      | Reached skill level 6 in Unarmed Combat
  2031 | D:3      | Reached XP level 5. HP: 26/50 MP: 4/4
  2349 | D:3      | Found a sacrificial altar of Ru.
  2531 | D:4      | Noticed nikopol's ghost (amateur DEFE)
  2544 | D:4      | Killed nikopol's ghost
  2544 | D:4      | Reached XP level 6. HP: 53/59 MP: 5/5
  2872 | D:4      | Reached skill level 7 in Unarmed Combat
  3023 | D:4      | Noticed a water moccasin
  3028 | D:4      | Killed a water moccasin
  3040 | D:4      | Reached XP level 7. HP: 42/67 MP: 6/6
  3548 | D:5      | Entered Level 5 of the Dungeon
  3853 | D:5      | Noticed Pikel
  3863 | D:5      | Killed Pikel
  3863 | D:5      | Reached skill level 5 in Fighting
  3863 | D:5      | Reached skill level 8 in Unarmed Combat
  3863 | D:5      | Reached XP level 8. HP: 61/80 MP: 7/7
  4049 | D:5      | Reached skill level 9 in Unarmed Combat
  4165 | D:5      | Gained mutation: Your magical capacity is low. (-10% MP) [mutagenic meat]
  4909 | D:6      | Found an ancient bone altar of Kikubaaqudgha.
  5039 | D:6      | Reached XP level 9. HP: 41/92 MP: 7/7
  5245 | D:6      | Reached skill level 10 in Unarmed Combat
  5437 | D:6      | Found Sinuhe's Magic Scroll Shop.
  5462 | D:6      | Bought a scroll of teleportation for 42 gold pieces
  5485 | D:6      | Found a hide-covered altar of Uskayaw.
  5883 | D:7      | Noticed Joseph
  5900 | D:7      | Killed Joseph
  5972 | D:7      | Found a staircase to the Ecumenical Temple.
  5981 | Temple   | Entered the Ecumenical Temple
  6054 | Temple   | Became a worshipper of Cheibriados the Contemplative
  6054 | Temple   | Reached * piety under Cheibriados
  6054 | Temple   | Reached ** piety under Cheibriados
  6112 | D:7      | Noticed Prince Ribbit
  6120 | D:7      | Killed Prince Ribbit
  6120 | D:7      | Reached skill level 11 in Unarmed Combat
  6120 | D:7      | Reached skill level 1 in Invocations
  6366 | D:7      | Found Juakkipo's Jewellery Shoppe.
  6429 | D:7      | Reached XP level 10. HP: 104/104 MP: 9/9
  6627 | D:7      | Lost mutation: Your magical capacity is low. (-10% MP) [potion of mutation]
  6627 | D:7      | Gained mutation: Your body sometimes deteriorates upon taking damage. [potion of mutation]
  6627 | D:7      | Gained mutation: You tend to lose your temper in combat. [potion of mutation]
  6627 | D:7      | Gained mutation: You are frail. (-10% HP) [potion of mutation]
  6627 | D:7      | Gained mutation: You are partially covered in large bone plates. (SH +4) [potion of mutation]
  6628 | D:7      | Lost mutation: Your body sometimes deteriorates upon taking damage. [potion of mutation]
  6628 | D:7      | Lost mutation: You are frail. (-10% HP) [potion of mutation]
  6628 | D:7      | Lost mutation: You are partially covered in large bone plates. (SH +4) [potion of mutation]
  6628 | D:7      | Gained mutation: You are dopey. (Int -2) [potion of mutation]
  6628 | D:7      | Gained mutation: You are covered in thick fur. (AC +2) [potion of mutation]
  6628 | D:7      | Gained mutation: You are very dopey. (Int -4) [potion of mutation]
  6628 | D:7      | Gained mutation: You are partially covered in molten scales. (AC +2) [potion of mutation]
  6632 | D:7      | Noticed Duvessa
  6634 | D:7      | Noticed Dowan
  6637 | D:7      | Killed Duvessa
  6643 | D:7      | Killed Dowan
  6666 | D:7      | Found Cyichetz's Jewellery Boutique.
  6901 | D:8      | Noticed Psyche
  6911 | D:8      | Killed Psyche
  6986 | D:8      | Reached *** piety under Cheibriados
  7274 | D:8      | Found a staircase to the Lair.
  7632 | D:9      | Noticed a two-headed ogre
  7894 | D:9      | Reached **** piety under Cheibriados
  7918 | D:9      | Reached skill level 12 in Unarmed Combat
  8043 | D:9      | Noticed a three-headed hydra
  8226 | D:9      | Noticed a gargoyle
  8233 | D:9      | Found a staircase to the Orcish Mines.
  8235 | D:9      | Hit by a tomahawk of returning thrown by an orc warrior

Vault maps used:
D:1:      dpeg_arrival_tiny_a, st_stairs_5
D:3:      minitemple, first_bread, nicolae_ru_path_of_blood
D:4:      serial_forest, infiniplex_forest_corner_1,
          infiniplex_forest_clump_long, infiniplex_forest_lined_room_2,
          infiniplex_forest_clump_medium, infiniplex_forest_lined_2,
          infiniplex_forest_lined_room_2, infiniplex_forest_clump_double,
          infiniplex_forest_clump_double
D:5:      grunt_ministairs_10, uniq_pikel
D:6:      eat_drink_and_be_merry_uskayaw, basic_altar, serial_shops, shop,
          kennysheep_another_room
D:7:      minmay_temple_entry_water_ring, serial_shops, shop, shop,
          uniq_prince_ribbit1, uniq_joseph, uniq_duvessa
D:8:      lair_entry_dummy, uniq_psyche
D:9:      david_orc_4, serial_gnoll_camp, gnoll_camp_medium_02,
          gnoll_camp_medium_01, gnoll_camp_huts_moat, gnoll_camp_mini_sergeant,
          gnoll_camp_mini_hut, gnoll_camp_mini_doghouse, hangedman_ranch,
          minmay_crystal_room, uniq_maurice
Temple:   dpeg_five_rooms_temple

Skill      XL: |  1  2  3  4  5  6  7  8  9 10 |
---------------+-------------------------------+-----
Unarmed Combat | 4 6 7 8 9 11 12 | 12.0
Fighting       | 3 5 6 8 9 |  9.2
Invocations    | 1 4 |  4.9
Dodging        | |  2.4
Stealth        | |  1.0

Action                   |  1- 3 |  4- 6 |  7- 9 | 10-12 || total
-------------------------+-------+-------+-------+-------++-------
Melee: Unarmed           |    85 |   113 |   279 |   153 ||   630
       Punch             |     3 |     3 |    16 |    12 ||    34
Invok: Slouch            |       |       |       |     1 ||     1
Evoke: Wand              |       |     4 |     8 |     3 ||    15
  Use: Scroll            |    11 |     5 |     6 |     3 ||    25
       Potion            |       |     2 |     1 |     3 ||     6
 Stab: Sleeping          |     4 |       |     4 |     5 ||    13
       Distracted        |       |     1 |     1 |       ||     2
  Eat: Chunk             |    13 |    20 |    30 |    10 ||    73
Armor: Robe              |    37 |    33 |    54 |    53 ||   177
       Skin              |       |     3 |       |       ||     3
Dodge: Dodged            |    39 |    53 |   126 |    89 ||   307
